Map: Frostline LE

Players

Bugz - Winner!

  • Race: Zerg Zerg
  • League: Diamond
  • Spawn Location: 1:00

Glorywhole

  • Race: Protoss Protoss
  • League: Diamond
  • Spawn Location: 7:00

VOD

Have the link to the VOD?

Description

I am the protoss

Time

  • Played on: April 17, 2025, 9:03 a.m.
  • Length: 18:58
Show
View Real Time Build Order
Export as new Build Order

Bugz Zerg - Winner!

Build Orders: Pool First, Lurkers, Roach Hydra 

Get SALT Encoding   

  12  0:17  Spawning Pool  
  11  0:22  Drone  
  11  0:27  Drone  
  13  0:35  Overlord  
  13  0:40  Drone  
  14  1:04  Queen  
  14  1:05  Zergling x2  
  14  1:06  Zergling x4  
  20  1:25  Drone  
  20  1:38  Drone  
  20  1:39  Drone  
  22  1:40  Hatchery  
  21  1:51  Zergling x2  
  20  2:22  Drone  
  21  2:23  Overlord  
  21  2:34  Extractor  
  20  2:41  Queen  
  20  2:43  Drone x3  
  25  2:45  Hatchery  
  24  2:52  Zergling x2  
  24  2:55  Queen  
  27  3:00  Zergling x2  
  27  3:03  Zergling x2  
  29  3:14  Overlord  
  29  3:29  Zergling x2  
  29  3:30  Zergling x10  
  32  3:38  Drone  
  32  3:39  Drone  
  33  3:46  Metabolic Boost  
  33  3:53  Drone x2  
  33  3:54  Drone  
  36  3:55  Drone  
  36  4:02  Drone  
  38  4:05  Drone  
  38  4:06  Drone  
  40  4:11  Drone x3  
  40  4:32  Spore Crawler  
  40  4:33  Drone x3  
  40  4:35  Spore Crawler  
  40  4:37  Drone  
  40  4:38  Drone x2  
  43  4:39  Spore Crawler  
  43  4:43  Zergling x10  
  43  4:44  Zergling x2  
  48  4:51  Drone  
  49  4:52  Overlord  
  49  5:02  Roach Warren  
  48  5:12  Drone x6  
  48  5:13  Drone x3  
  57  5:19  Overlord x2  
  57  5:23  Extractor  
  56  5:30  Drone x2  
  58  5:37  Queen  
  58  5:38  Queen  
  58  5:39  Drone x2  
  58  5:40  Drone  
  65  5:46  Extractor  
  65  5:49  Drone, Extractor  
  64  5:50  Drone x5  
  69  6:04  Overlord x2  
  69  6:05  Roach  
  69  6:06  Roach  
  73  6:12  Lair  
  73  6:14  Drone  
  74  6:26  Roach  
  74  6:27  Roach x7  
  90  6:39  Overlord x4  
  89  6:56  Overlord x3  
  88  7:13  Glial Reconstitution  
  87  7:16  Spine Crawler  
  87  7:17  Roach  
  87  7:18  Roach x8  
  104  7:28  Hydralisk Den  
  104  7:29  Spine Crawler  
  102  7:36  Drone, Extractor  
  102  7:37  Drone x3, Extractor  
  104  7:45  Overlord x3  
  104  7:57  Drone x2  
  106  8:00  Drone  
  106  8:01  Drone x2, Spine Crawler x2  
  106  8:02  Drone  
  108  8:10  Hydralisk  
  108  8:11  Hydralisk x4  
  118  8:13  Grooved Spines  
  118  8:27  Drone x3  
  118  8:30  Drone x2  
  123  8:38  Lurker Den  
  123  8:39  Drone x3, Evolution Chamber  
  123  8:40  Evolution Chamber  
  123  8:42  Drone x4  
  123  8:44  Overlord x3  
  123  8:45  Hatchery  
  126  8:50  Hydralisk x2  
  126  8:51  Hydralisk x2  
  134  8:58  Infestation Pit  
  133  9:03  Muscular Augments  
  133  9:11  Spine Crawler x2  
  131  9:21  Hydralisk x9  
  149  9:28  Zerg Melee Weapons Level 1, Zerg Missile Weapons Level 1  
  138  9:58  Roach  
  138  9:59  Roach x14  
  132  10:17  Hydralisk x8  
  146  10:22  Hive  
  146  10:30  Drone x3  
  146  10:31  Drone x4  
  153  10:42  Spine Crawler  
  152  10:43  Spine Crawler  
  152  10:46  Lurker x5  
  152  10:49  Drone, Extractor  
  156  10:50  Drone x3  
  156  10:51  Extractor  
  158  10:57  Pneumatized Carapace  
  158  11:03  Lurker  
  159  11:07  Drone  
  159  11:08  Drone  
  161  11:29  Lurker  
  161  11:30  Lurker x4  
  166  11:39  Drone x3  
  169  11:40  Spore Crawler  
  145  12:00  Zergling x30  
  145  12:01  Zergling x14  
  143  12:09  Spire  
  143  12:11  Seismic Spines  
  143  12:12  Zerg Missile Weapons Level 2  
  142  12:42  Hydralisk x8  
  158  12:57  Spine Crawler  
  157  13:08  Adaptive Talons  
  157  13:14  Drone x3  
  157  13:15  Drone  
  157  13:16  Drone  
  162  13:21  Corruptor  
  162  13:22  Corruptor x10  
  184  13:28  Greater Spire  
  184  13:34  Hatchery  
  183  13:46  Overseer  
  183  13:48  Overseer  
  183  13:49  Overseer x2  
  183  13:54  Spine Crawler  
  183  13:55  Drone x2, Spine Crawler  
  184  13:56  Spine Crawler x2  
  181  14:03  Overlord  
  181  14:04  Overlord x4  
  181  14:06  Adrenal Glands  
  181  14:28  Zerg Melee Weapons Level 2  
  156  14:50  Hydralisk  
  156  14:51  Hydralisk x19  
  189  15:02  Lurker x6  
  195  15:18  Brood Lord x2  
  199  15:27  Spine Crawler  
  199  15:28  Drone x3, Spine Crawler  
  200  15:29  Spine Crawler x2  
  200  15:30  Drone x2  
  200  15:34  Zerg Missile Weapons Level 3  
  200  15:57  Extractor  
  200  15:59  Extractor  
  198  16:07  Brood Lord  
  198  16:10  Zerg Flyer Armor Level 1  
  200  16:24  Spine Crawler  
  199  16:32  Brood Lord x3  
  179  17:25  Spine Crawler  
  179  17:27  Drone x3, Spine Crawler  
  180  17:30  Spine Crawler  
  172  17:49  Corruptor x4  
  172  17:50  Corruptor x10  
  200  17:59  Drone, Spine Crawler  
  200  18:00  Spine Crawler  
  200  18:02  Spine Crawler  
  198  18:11  Corruptor  
  191  18:40  Drone  
  191  18:41  Drone x2  
Show
View Real Time Build Order
Export as new Build Order

Glorywhole Protoss 

Build Orders: Archon Immortal 

Get SALT Encoding   

  12  0:00  Probe  
  13  0:13  Probe  
  14  0:23  Pylon  
  14  0:25  Probe  
  15  0:37  Probe  
  15  0:42  Gateway  
  16  0:45  Probe  
  17  0:51  Assimilator  
  17  0:55  Probe  
  17  1:03  Probe  
  19  1:12  Probe  
  20  1:26  Pylon  
  20  1:30  Zealot  
  22  1:34  Cybernetics Core  
  22  1:36  Gateway  
  22  1:49  Pylon  
  22  1:55  Zealot  
  24  2:14  Adept  
  26  2:29  Nexus  
  26  2:32  Probe  
  27  2:37  Warp Gate  
  27  2:38  Assimilator  
  27  2:44  Probe  
  27  2:49  Adept  
  30  2:59  Probe  
  31  3:14  Pylon  
  31  3:29  Stalker  
  31  3:30  Probe  
  32  3:35  Adept  
  32  3:38  Probe  
  30  3:43  Probe  
  30  3:44  Shield Battery  
  30  3:47  Stargate, Probe  
  33  3:56  Probe  
  34  4:08  Probe  
  35  4:10  Probe  
  36  4:18  Twilight Council  
  36  4:20  Probe, Gateway  
  36  4:22  Gateway, Probe  
  36  4:35  Charge  
  34  4:40  Adept  
  34  4:41  Adept  
  38  4:46  Oracle  
  41  4:57  Pylon  
  41  5:01  Probe x2  
  43  5:09  Assimilator  
  43  5:11  Assimilator  
  43  5:15  Probe x2  
  45  5:25  Templar Archives  
  45  5:27  Probe  
  46  5:30  Pylon  
  46  5:32  Probe  
  47  5:35  Pylon  
  47  5:42  Gateway  
  47  5:44  Gateway  
  47  5:55  Zealot x4  
  55  6:01  Probe  
  56  6:12  Void Ray, Probe  
  56  6:13  Probe  
  62  6:20  Zealot x4  
  70  6:40  Robotics Facility  
  68  6:57  Stalker  
  70  7:11  High Templar x2  
  70  7:12  High Templar x2  
  78  7:18  Robotics Facility  
  78  7:36  Nexus  
  78  7:38  Pylon  
  78  7:42  Assimilator  
  78  7:43  Archon x2  
  78  7:46  Assimilator  
  78  7:49  Pylon  
  78  7:53  Probe x2  
  78  7:55  Immortal  
  80  8:01  Probe x2  
  86  8:10  Probe x2  
  86  8:11  Immortal  
  88  8:23  Probe x2  
  94  8:39  Forge  
  94  8:40  Forge  
  94  8:47  Probe x2  
  94  8:48  Immortal  
  100  8:50  Immortal  
  100  8:53  Zealot x2  
  108  8:59  Pylon  
  108  9:00  Probe  
  109  9:03  Pylon  
  105  9:12  Robotics Bay  
  105  9:14  Protoss Ground Weapons Level 1, Protoss Ground Armor Level 1  
  105  9:18  Zealot x6  
  105  9:23  Psionic Storm  
  117  9:27  Immortal  
  117  9:29  Immortal  
  117  9:30  Pylon  
  125  9:36  Pylon  
  125  9:38  Pylon  
  125  9:45  Zealot x2  
  125  9:52  Zealot x4  
  109  10:05  Colossus x2  
  109  10:06  Zealot x2  
  95  10:23  Probe x3  
  98  10:30  High Templar x2  
  98  10:35  Probe x2  
  103  10:36  Probe  
  105  10:47  Probe  
  105  10:48  Zealot x4  
  114  10:56  Gateway  
  114  10:57  Gateway  
  114  10:58  Colossus  
  114  10:59  Gateway  
  120  11:13  Zealot x6  
  120  11:17  Observer  
  133  11:33  Protoss Ground Weapons Level 2, Protoss Ground Armor Level 2  
  133  11:52  Observer  
  112  12:03  Probe  
  113  12:09  Probe  
  113  12:10  Probe  
  115  12:20  Disruptor x2, Dark Shrine  
  123  12:26  Nexus  
  123  12:27  High Templar x4  
  123  12:29  Pylon  
  131  12:33  Assimilator  
  131  12:34  Gateway  
  131  12:36  Assimilator  
  131  12:37  Gateway x2  
  131  12:39  Pylon  
  131  12:40  Gateway  
  131  12:44  Shield Battery  
  131  12:45  Photon Cannon  
  131  12:46  Pylon  
  131  12:56  Disruptor x2  
  139  13:03  Nexus  
  139  13:05  Shield Battery  
  139  13:07  Stalker, Shield Battery  
  141  13:15  Zealot x5  
  151  13:44  Zealot x3  
  151  13:45  Zealot x7  
  151  13:46  Zealot  
  173  14:12  Archon  
  173  14:13  Archon x2  
  173  14:19  Stalker x7  
  187  14:25  Probe  
  188  14:40  Probe x3  
  173  14:52  Probe  
  138  14:53  Zealot x6  
  146  15:06  High Templar x7  
  158  15:17  Archon x3  
  158  15:21  High Templar x6  
  166  15:25  Archon x3  
  170  15:31  Protoss Ground Weapons Level 3  
  170  15:32  Protoss Ground Armor Level 3  
  170  15:41  Photon Cannon  
  170  15:47  High Templar  
  170  15:49  Disruptor x2  
  180  15:58  Pylon  
  180  16:03  Zealot x3  
  180  16:04  Zealot  
  188  16:11  Pylon  
  188  16:22  Photon Cannon  
  188  16:23  Photon Cannon  
  188  16:25  Disruptor, Photon Cannon  
  192  16:30  Archon  
  168  17:11  Zealot  
  168  17:12  Zealot x12  
  152  17:46  Fleet Beacon  
  152  17:48  Stargate  
  134  17:55  Zealot x5, Stargate  
  134  17:56  Zealot x8, Stargate  
  160  18:07  Immortal, Probe x2  
  162  18:16  Immortal  
Tags
 
Add a new tag
Caveats
  • Supply blocks, unpowered buildings, or Contaminate may cause inaccurate times.
  • Supply counts are checked every 10 seconds.